 Dungeon Sprint DCSS version 0.22-a0-247-gbddf880 (webtiles) character file.

4493 Dfrag the Cleaver (level 10, -2/109 HPs)
             Began as a Deep Dwarf Berserker on Feb 25, 2018.
             Was a High Priest of Makhleb.
             Slain by an 11-headed hydra (4 damage)
             ... in the Dungeon (Sprint IX: "|||||||||||||||||||||||||||||").
             The game lasted 00:04:25 (978 turns).

Dfrag the Cleaver (Deep Dwarf Berserker)             Turns: 978, Time: 00:04:26

Health: -2/109     AC: 14    Str: 24    XL:     10   Next: 16%
Magic:  9/9        EV: 14    Int:  8    God:    Makhleb [*****.]
Gold:   0          SH:  0    Dex: 17    Spells: 9/9 levels left

rFire    . . .     SeeInvis .   j - +4 war axe (freeze)
rCold    . . .     Gourm    .   (no shield)
rNeg     . . .     Faith    .   o - +2 ring mail
rPois    .         Spirit   .   (helmet restricted)
rElec    .         Reflect  .   (no cloak)
rCorr    .         Harm     .   n - +0 pair of gloves
MR       +....     NoTele   +   (no boots)
Stlth    +.........             (no amulet)
HPRegen  0.00/turn              k - +3 ring of dexterity
MPRegen  0.11/turn              p - +2 ring of evasion

@: lethally poisoned (-2 -> -2), very slightly contaminated, non-regenerating
A: damage resistance, heal wounds, horns 1, slimy green scales 1, agile 1, sense
surroundings 2, no regeneration
a: Heal Wounds, Minor Destruction, Lesser Servant of Makhleb, Major Destruction,
Greater Servant of Makhleb, Renounce Religion


You were in the Dungeon.
You worshipped Makhleb.
Makhleb was extremely pleased with you.
You were very hungry.

You visited 1 branch

Inventory:

Hand Weapons
 a - a +0 hand axe
 j - a +4 war axe of freezing (weapon)
Armour
 b - a +0 animal skin
 n - a +0 pair of gloves (worn)
 o - a +2 ring mail (worn)
 q - a +0 helmet
Jewellery
 k - a +3 ring of dexterity (left hand)
 p - a +2 ring of evasion (right hand)
Wands
 l - a wand of iceblast (10)
Scrolls
 i - a scroll of blinking
 m - 3 scrolls of remove curse
 s - 2 scrolls of amnesia
 v - a scroll of brand weapon
 w - 2 scrolls of enchant armour
 x - 3 scrolls of enchant weapon
 y - a scroll of identify
 z - a scroll of fog
Potions
 d - 5 potions of curing
 e - a potion of heal wounds
 f - 2 potions of haste
 g - 4 potions of magic
 h - a potion of berserk rage
 r - a potion of invisibility
 t - 2 potions of brilliance
 u - a potion of agility
Comestibles
 c - a ration


   Skills:
 + Level 12.8 Fighting
 + Level 14.9 Axes
 + Level 14.8 Armour
 - Level 2.1 Dodging


You had 9 spell levels left.
You didn't know any spells.

Dungeon Overview and Level Annotations

Branches:
Dungeon (1/1)

Altars:
Cheibriados
Dithmenos
Elyvilon
Fedhas
Gozag
Hepliaklqana
Kikubaaqudgha
Makhleb
Nemelex Xobeh
Okawaru
Qazlal
Ru
Sif Muna
Trog
Uskayaw
Vehumet
Wu Jian
Xom
Yredelemnul
Zin
The Shining One
Beogh
Jiyva
Lugonu


Innate Abilities, Weirdness & Mutations

You are resistant to damage.
You can heal yourself by infusing magical energy.
You passively map the area around you.
You do not regenerate.
You have a pair of small horns on your head.
You are partially covered in slimy green scales. (AC +2)
You are agile. (Dex +2)


Message History

The ten-headed hydra bites you but does no damage.
The ten-headed hydra bites you.
* * * LOW HITPOINT WARNING * * *
Unknown command.
Unknown command.
You slash the elephant! You freeze the elephant.
The elephant is almost dead.
You slice one of the ten-headed hydra's heads off!
The nine-headed hydra grows two more!
You slash the 11-headed hydra! You freeze the 11-headed hydra.
The elephant tramples you.
* * * LOW HITPOINT WARNING * * *
You hold your ground!
The elephant closely misses you. The 11-headed hydra bites you!
* * * LOW HITPOINT WARNING * * *
The 11-headed hydra bites you but does no damage.
The 11-headed hydra bites you. The 11-headed hydra closely misses you.
The 11-headed hydra bites you!
* * * LOW HITPOINT WARNING * * *
The 11-headed hydra bites you. x2
You die...

▓_▓.▓ ,
▓_▓.▓.▓,
, , *
▓_▓.▓.▓
*,*, *
▓_▓.▓.▓,
*,*
▓_▓.▓.▓
* *
▓_▓.▓.▓
*,
▓_▓.▓.▓
*, , ,
▓_▓.▓Y▓
* ,
▓_▓.▓@▓,
,*
▓_▓.▓D▓
, ,
▓_▓.▓h▓
*,*, ,*
▓_▓.▓.▓
* ,
▓_▓.▓F▓,
, ,
▓_▓.▓.▓
,
▓_▓.▓.▓
*
▓_▓.▓.▓
,* , ,
▓_▓.▓.▓
, *, ,


You could see a 11-headed hydra, an elephant, a polar bear and a blink frog.

Vanquished Creatures
  An unseen horror (D)
  A cyclops (D)
  A black mamba (D)
  An elephant (D)
  4 spiny frogs (D)
  A komodo dragon (D)
  A troll (D)
  A blink frog (D)
  A hippogriff (D)
  A wyvern (D)
  A soldier ant (D)
  An orc warrior (D)
  A phantom (D)
  A black bear (D)
  4 crocodiles (D)
  A bullfrog (D)
  A scorpion (D)
  A crimson imp (D)
  An orc wizard (D)
  A gnoll (D)
  2 adders (D)
  An orc (D)
  A goblin (D)
  A hobgoblin (D)
  A ball python (D)
  A bat (D)
  A frilled lizard (D)
  A giant cockroach zombie (D)
35 creatures vanquished.

Vanquished Creatures (others)
  An unseen horror (D)
1 creature vanquished.

Grand Total: 36 creatures vanquished

Notes
Turn   | Place    | Note
-------+----------+-------------------------------------------
     0 | D        | Dfrag the Deep Dwarf Berserker began the quest for the Orb.
     0 | D        | Reached XP level 1. HP: 20/20 MP: 1/1
    13 | D        | Reached ** piety under Trog
    36 | D        | Noticed a crimson imp
    44 | D        | Reached XP level 2. HP: 30/30 MP: 2/2
    48 | D        | Reached *** piety under Trog
    59 | D        | Reached skill level 5 in Axes
    59 | D        | Reached XP level 3. HP: 15/36 MP: 3/3
    65 | D        | Found a roughly hewn altar of Beogh.
    65 | D        | Found a snail-covered altar of Cheibriados.
    65 | D        | Found a shadowy altar of Dithmenos.
    65 | D        | Found a white marble altar of Elyvilon.
    65 | D        | Found a blossoming altar of Fedhas.
    65 | D        | Found an opulent altar of Gozag.
    66 | D        | Found a hazy altar of Hepliaklqana.
    67 | D        | Found a viscous altar of Jiyva.
    68 | D        | Found an ancient bone altar of Kikubaaqudgha.
    69 | D        | Found a corrupted altar of Lugonu.
    70 | D        | Found a burning altar of Makhleb.
    71 | D        | Found a sparkling altar of Nemelex Xobeh.
    72 | D        | Found an iron altar of Okawaru.
    73 | D        | Found a stormy altar of Qazlal.
    74 | D        | Found a sacrificial altar of Ru.
    75 | D        | Found a deep blue altar of Sif Muna.
    76 | D        | Found a bloodstained altar of Trog.
    77 | D        | Found a hide-covered altar of Uskayaw.
    80 | D        | Found a radiant altar of Vehumet.
    81 | D        | Found an ornate altar of the Wu Jian Council.
    82 | D        | Found a shimmering altar of Xom.
    83 | D        | Found a basalt altar of Yredelemnul.
    84 | D        | Found a glowing silver altar of Zin.
    85 | D        | Found a glowing golden altar of the Shining One.
   161 | D        | Reached **** piety under Trog
   161 | D        | Reached skill level 5 in Armour
   342 | D        | Noticed a bullfrog
   342 | D        | Noticed a troll
   342 | D        | Noticed an orc warrior
   342 | D        | Noticed a soldier ant
   342 | D        | Noticed a phantom
   353 | D        | Killed a soldier ant
   353 | D        | Reached XP level 4. HP: 49/49 MP: 4/4
   353 | D        | Reached XP level 5. HP: 56/56 MP: 5/5
   355 | D        | Killed a phantom
   355 | D        | Reached XP level 6. HP: 66/66 MP: 6/6
   360 | D        | Killed an orc warrior
   362 | D        | Killed a troll
   362 | D        | Reached skill level 10 in Axes
   362 | D        | Reached skill level 10 in Armour
   362 | D        | Reached XP level 7. HP: 75/75 MP: 7/7
   364 | D        | Reached ***** piety under Trog
   397 | D        | Fell from the grace of Trog
   397 | D        | Became a worshipper of Makhleb the Destroyer
   429 | D        | Noticed a wyvern
   429 | D        | Noticed a cyclops
   437 | D        | Killed an unseen horror
   437 | D        | Reached XP level 8. HP: 62/86 MP: 8/8
   438 | D        | Killed an unseen horror
   446 | D        | Killed a cyclops
   446 | D        | Reached skill level 10 in Fighting
   447 | D        | Reached * piety under Makhleb
   879 | D        | Gained mutation: You are clumsy. (Dex -2) [potion of mutation]
   879 | D        | Gained mutation: You are resistant to electric shocks. (rElec) [potion of mutation]
   880 | D        | Lost mutation: You are clumsy. (Dex -2) [potion of mutation]
   880 | D        | Lost mutation: You are resistant to electric shocks. (rElec) [potion of mutation]
   880 | D        | Gained mutation: You are partially covered in slimy green scales. (AC +2) [potion of mutation]
   880 | D        | Gained mutation: You have a pair of small horns on your head. [potion of mutation]
   880 | D        | Gained mutation: You are agile. (Dex +2) [potion of mutation]
   896 | D        | Noticed a spiny frog
   896 | D        | Noticed a spiny frog
   896 | D        | Noticed a blink frog
   900 | D        | Noticed a spiny frog
   901 | D        | Killed a spiny frog
   901 | D        | Reached ** piety under Makhleb
   901 | D        | Gained mutation: You passively map the area around you. [Deep Dwarf growth]
   901 | D        | Reached XP level 9. HP: 79/97 MP: 8/8
   904 | D        | Noticed a black mamba
   914 | D        | Noticed an elephant
   914 | D        | Killed a spiny frog
   914 | D        | Reached *** piety under Makhleb
   918 | D        | Killed a spiny frog
   923 | D        | Killed a black mamba
   927 | D        | Killed an elephant
   927 | D        | Reached **** piety under Makhleb
   940 | D        | Noticed a six-headed hydra
   940 | D        | Noticed a polar bear
   940 | D        | Noticed a komodo dragon
   950 | D        | Noticed a spiny frog
   954 | D        | Killed a komodo dragon
   954 | D        | Reached XP level 10. HP: 97/108 MP: 9/9
   964 | D        | Noticed an elephant
   971 | D        | Killed a spiny frog
   971 | D        | Reached ***** piety under Makhleb
   978 | D        | HP: 2/109 [11-headed hydra (9)]
   978 | D        | Slain by an 11-headed hydra

Vault maps used:
D:        linesprint

Skill      XL: |  1  2  3  4  5  6  7  8  9 |
---------------+----------------------------+-----
Fighting       | 3 4 6 7 8 9 11 12 | 12.8
Armour         | 3 4 7 8 10 11 12 14 | 14.8
Axes           | 4 5 7 8 10 11 12 14 | 14.9
Dodging        | |  2.1

Action                   |  1- 3 |  4- 6 |  7- 9 | 10-12 || total
-------------------------+-------+-------+-------+-------++-------
Melee: Hand axe          |    64 |       |       |       ||    64
       War axe           |    18 |     9 |    72 |    16 ||   115
       Headbutt          |       |       |    20 |     7 ||    27
Invok: Berserk           |     2 |       |       |       ||     2
       Trog's Hand       |     2 |       |       |       ||     2
 Abil: Heal Wounds       |       |       |     2 |       ||     2
  Use: Potion            |       |       |     4 |       ||     4
       Scroll            |       |       |     1 |     1 ||     2
  Eat: Chunk             |       |       |     2 |       ||     2
Armor: Animal skin       |     8 |       |       |       ||     8
       Ring mail         |     1 |     1 |    18 |    19 ||    39
Dodge: Dodged            |    48 |     5 |    25 |    31 ||   109

Table legend:
 A = Spawn XP
 B = Non-spawn XP
 C = Spawn XP percentage of total XP
 D = Spawn monster count
 E = Non-spawn monster count
 F = Spawn count percentage of total count
 G = Total turns spent on level
                    A         B        C        D         E        F      G
               +---------+---------+-------+---------+---------+-------+---------
         Total |       0 |    6419 |   0.0 |       0 |      35 |   0.0 |   978
               +---------+---------+-------+---------+---------+-------+---------
             D |       0 |    6419 |   0.0 |       0 |      35 |   0.0 |   978
               +---------+---------+-------+---------+---------+-------+---------
